 Dungeon Crawl Stone Soup version 0.17-a0-15-g0155121 (console) character file.

673 Monkaria the Skirmisher (level 7, 0/58 HPs)
             Began as a Demonspawn Abyssal Knight on Mar 5, 2015.
             Was an Elder of Lugonu.
             Slain by a black bear (6 damage)
             ... on level 6 of the Dungeon.
             The game lasted 00:20:47 (7095 turns).

Monkaria the Skirmisher (Demonspawn Abyssal Knight) Turns: 7095, Time: 00:20:48

Health: 0/58       AC:  8    Str: 13    XL:     7   Next: 33%
Magic:  0/9        EV: 13    Int: 18    God:    Lugonu [****..]
Gold:   316        SH:  0    Dex: 14    Spells: 0 memorised, 6 levels left

rFire  . . .     SeeInvis .     t - -3 mace (curse)
rCold  . . .     Clarity  .     b - +0 leather armour
rNeg   . . .     SustAb   .     (no shield)
rPois  .         Gourm    .     (helmet restricted)
rElec  .         Spirit   +     i - +2 cloak
rCorr  .         Warding  .     (no gloves)
rMut   .         Stasis   .     (no boots)
MR     .....                    x - amulet of guardian spirit
Stlth  +.........               (no ring)
                                g - +2 ring of evasion

@: brilliant, not resistant to hostile enchantments, very unstealthy
A: horns 1, yellow scales 1, demonic guardian 1
a: Depart the Abyss, Bend Space, Banish, Corrupt, Renounce Religion


You were on level 6 of the Dungeon.
You worshipped Lugonu.
Lugonu was greatly pleased with you.
You were very hungry.

You visited 1 branch of the dungeon, and saw 6 of its levels.
You visited the Abyss 1 time.

You collected 316 gold pieces.

Inventory:

Hand weapons
 k - a +4 quarterstaff of chaos
 l - a +0 hammer of protection
 n - a +1 halberd of protection
 o - a cursed -1 falchion
 r - a +0 blowgun
 t - a cursed -3 mace (weapon)
 w - a +0 war axe
 y - a +1 dagger of draining
Missiles
 f - 32 poisoned needles
 s - 14 tomahawks (quivered)
Armour
 b - a +0 leather armour (worn)
 i - a +2 cloak (worn)
Jewellery
 e - an uncursed ring of fire
 g - a +2 ring of evasion (left hand)
 x - an amulet of guardian spirit (around neck)
 A - an uncursed amulet of resist mutation
Magical devices
 h - a wand of confusion (0)
 u - a wand of digging (15)
 v - a wand of random effects (42)
Scrolls
 c - 3 scrolls of magic mapping
 q - 2 scrolls of amnesia
 z - 2 scrolls of identify
Potions
 d - a potion of restore abilities
 j - 2 potions of curing
 m - a potion of flight
 C - a potion of brilliance
Comestibles
 a - 4 bread rations
 p - a meat ration
 B - a beef jerky
 D - 2 royal jellies


   Skills:
 + Level 6.0 Fighting
 - Level 4.2 Armour
 - Level 1.1 Dodging
 - Level 4.2 Unarmed Combat
 - Level 2.4 Invocations


You had 6 spell levels left.
You didn't know any spells.

Dungeon Overview and Level Annotations

Branches:
Dungeon (6/15)
 Temple: D:4-7

Altars:
Gozag
Sif Muna


Innate Abilities, Weirdness & Mutations

You have a pair of small horns on your head.
You are partially covered in yellow scales (AC +2).
A weak demonic guardian rushes to your aid.


Message History

The black bear misses your quasit.
The black bear claws your quasit but does no damage.
Unknown command.
Drink which item? (? for menu, Esc to quit)
It was a potion of brilliance.
You feel clever all of a sudden. The black bear bites your quasit!
The black bear misses your quasit.
The black bear claws your quasit but does no damage.
Your quasit barely misses the black bear.
Your quasit claws the black bear.
Your quasit barely misses the black bear.
Drink which item? (? for menu, Esc to quit)
You feel better.
Your quasit disappears in a puff of smoke!
The black bear barely misses you.
The black bear claws you but does no damage.
The black bear claws you.
* * * LOW HITPOINT WARNING * * *
The black bear bites you!
You die...

........+ ..
........# #.#####
........# ##.....
...(....+ #.....
........#. . +....
#.###...##... #..#
#.###...##...#####'#
..<+.<...........h.#
...#............@..+
#..####+####.##....#
#..###..####+##....#
(.........+........#
.....(....#........+
....##'#####.......#
....##)...##.......#
....##....+........#
..........#........+


You could see a black bear (berserk).

Vanquished Creatures
  A small abomination (Abyss:1)
  A phantom (D:4)
  A centaur (D:6)
  A water moccasin skeleton (D:5)
  2 iguanas
  Crazy Yiuf (D:2)
  2 orc wizards (D:3)
  A worker ant (D:4)
  4 gnolls (D:3)
  2 giant mites
  5 adders
  2 worms
  2 adder skeletons
  A giant gecko (D:2)
  2 oozes (D:4)
  13 orcs
  11 bats
  4 hobgoblins
  11 jackals
  10 kobolds
  3 quokkas (D:2)
  2 ball pythons
  9 giant cockroaches
  6 giant newts
  11 goblins
  A jackal skeleton (D:4)
  10 rats
119 creatures vanquished.

Vanquished Creatures (collateral kills)
  A hound (D:4)
1 creature vanquished.

Vanquished Creatures (others)
  5 quasits
  2 crimson imps (D:4)
  An iron imp (D:4)
  A white imp (D:4)
  3 ufetubi (D:4)
12 creatures vanquished.

Grand Total: 132 creatures vanquished

Notes
Turn   | Place    | Note
--------------------------------------------------------------
     0 | Abyss:1  | Monkaria, the Demonspawn Abyssal Knight, began the quest for the Orb.
     0 | Abyss:1  | Reached XP level 1. HP: 18/18 MP: 1/1
    71 | Abyss:1  | Found a basalt altar of Yredelemnul.
   102 | Abyss:1  | Noticed a small abomination
   107 | Abyss:1  | Killed a small abomination
   107 | Abyss:1  | Reached skill level 4 in Armour
   107 | Abyss:1  | Gained mutation: You are partially covered in yellow scales (AC +2). [demonic ancestry]
   107 | Abyss:1  | Reached XP level 2. HP: 21/24 MP: 2/2
   107 | Abyss:1  | Reached XP level 3. HP: 25/29 MP: 4/4
   107 | Abyss:1  | Reached XP level 4. HP: 30/35 MP: 5/5
   168 | Abyss:1  | Noticed a large abomination
   255 | Abyss:1  | Noticed a profane servitor
   261 | D:1      | Escaped the Abyss
   265 | D:1      | Reached skill level 1 in Dodging
  1372 | D:2      | Reached XP level 5. HP: 37/42 MP: 6/6
  1433 | D:2      | Acquired Lugonu's second power
  1619 | D:2      | Found a deep blue altar of Sif Muna.
  1662 | D:2      | Noticed Crazy Yiuf
  1698 | D:2      | Killed Crazy Yiuf
  2957 | D:3      | Gained mutation: A weak demonic guardian rushes to your aid. [demonic ancestry]
  2957 | D:3      | Reached XP level 6. HP: 46/48 MP: 8/8
  3387 | D:3      | Acquired Lugonu's third power
  5342 | D:4      | Found an opulent altar of Gozag.
  5377 | D:4      | Acquired Lugonu's fourth power
  5599 | D:4      | HP: 3/73 [poisoned by an adder]
  5606 | D:4      | HP: 3/73 [poisoned by an adder]
  5613 | D:4      | HP: 3/73 [poisoned by an adder]
  5722 | D:4      | Reached skill level 5 in Fighting
  6041 | D:5      | Entered Level 5 of the Dungeon
  6601 | D:5      | Gained mutation: You have a pair of small horns on your head. [demonic ancestry]
  6601 | D:5      | Reached XP level 7. HP: 56/56 MP: 9/9
  7084 | D:6      | Reached skill level 6 in Fighting
  7095 | D:6      | Slain by a black bear

Action                   |  1- 3 |  4- 6 |  7- 9 || total
-------------------------+-------+-------+-------++-------
Melee: Unarmed           |     3 |   311 |       ||   314
       Mace              |       |   484 |   102 ||   586
       Quarterstaff      |       |    16 |       ||    16
       Hammer            |       |    15 |       ||    15
Throw: Tomahawk          |       |    14 |     4 ||    18
Evoke: Wand              |       |     7 |       ||     7
  Use: Potion            |     2 |     6 |     2 ||    10
       Scroll            |       |    10 |     2 ||    12
 Stab: Distracted        |       |     1 |       ||     1
  Eat: Chunk             |       |    19 |     1 ||    20
       Beef jerky        |       |     1 |       ||     1
